 Dungeon Crawl Stone Soup version 0.29.1-1-gd02db6906a (webtiles) character file.

Game seed: 17359477244058143097

1269 Linkola the Magician (level 8, -4/41 HPs)
             Began as a Deep Elf Conjurer on Sept 25, 2022.
             Slain by a scorpion (7 damage)
             ... on level 5 of the Dungeon.
             The game lasted 00:16:21 (4603 turns).

Linkola the Magician (Deep Elf Conjurer)            Turns: 4603, Time: 00:16:22

Health: -4/41      AC:  4    Str:  4    XL:     8   Next: 28%
Magic:  0/21       EV: 12    Int: 26    God:
Gold:   249        SH:  0    Dex: 13    Spells: 14/22 levels left

rFire   . . .      SeeInvis .   g - +0 short sword (protect)
rCold   . . .      Faith    .   (no shield)
rNeg    . . .      Spirit   .   a - +0 robe
rPois   .          Reflect  .   (no helmet)
rElec   .          Harm     .   c - +0 cloak
rCorr   .          Rampage  .   e - +0 pair of gloves
Will    +....                   (no boots)
Stlth   +++.......              (no amulet)
HPRegen 0.13/turn               m - ring of willpower
MPRegen 0.17/turn               (no ring)

@: no status effects
A: no striking features
a: no special abilities


You were on level 5 of the Dungeon.
You visited 2 branches of the dungeon, and saw 6 of its levels.

You collected 249 gold pieces.

Inventory:

Hand Weapons
 g - a +0 short sword of protection (weapon)
Missiles
 h - 5 silver javelins (quivered)
 p - 4 poisoned darts
Armour
 a - a +0 robe (worn)
 c - a +0 cloak (worn)
 e - a +0 pair of gloves (worn)
Jewellery
 k - an amulet of magic regeneration
 m - a ring of willpower (left hand)
Wands
 q - a wand of mindburst (17)
Scrolls
 f - a scroll of teleportation
 i - a scroll of enchant weapon
 j - a scroll of immolation {unknown}
 l - 2 scrolls of torment {unknown}
 n - 2 scrolls of noise {unknown}
 o - a scroll of blinking
 s - a scroll of brand weapon {unknown}
Potions
 b - 3 potions of magic
 d - a potion of curing
 r - a potion of flight {unknown}
 t - 2 potions of mutation {unknown}


   Skills:
 + Level 4.0 Throwing
 + Level 3.0 Dodging
 + Level 4.3 Stealth
 + Level 7.7 Spellcasting
 + Level 7.4 Conjurations
 * Level 2.6 Fire Magic
 + Level 2.1 Evocations


You had 14 spell levels left.
You knew the following spells:

 Your Spells              Type           Power      Damage    Failure   Level
a - Magic Dart            Conj           100%       1d8       1%          1
b - Searing Ray           Conj           96%        2d7       1%          2
c - Iskenderun's Mystic   Conj/Tloc      29%        2d7       13%         4
d - Foxfire               Conj/Fire      100%       2x1d9     1%          1

Your spell library contained the following spells:

 Spells                   Type           Power      Damage    Failure   Level
 Dazzling Flash           Conj/Hex       58%        N/A       3%          3
 Sublimation of Blood     Necr           10%        N/A       9%          2
 Ignite Poison            Fire/Tmut/Pois 14%        N/A       12%         3
 Fulminant Prism          Conj/Hex       14%        3d9       13%         4
 Animate Dead             Necr           10%        N/A       50%         4
 Borgnjor's Vile Clutch   Necr/Erth      5%         N/A       85%         5
 Death Channel            Necr           5%         N/A       100%        6
 Fire Storm               Conj/Fire      18%        8d5       100%        9


Dungeon Overview and Level Annotations

Branches:
Dungeon (5/15)             Temple (1/1) D:5

Altars:
Ashenzari
Cheibriados
Elyvilon
Hepliaklqana
Kikubaaqudgha
Makhleb
Nemelex Xobeh
Okawaru
Qazlal
Sif Muna
Trog
Uskayaw
Xom
Yredelemnul
The Shining One

Shops:
D:1 =


Message History

Press: ? - help, Shift-Dir - straight line, f/p - scorpion
Aim: a scorpion (heavily wounded, 100% to hit)
The magic dart hits the scorpion.
The scorpion is almost dead.
The scorpion closely misses you. The scorpion barely misses you.
Casting: Magic Dart (safe; 1% risk of failure)
Confirm with . or Enter, or press ? or * to list all spells.
Aiming: Magic Dart (safe; 1% risk of failure)
Press: ? - help, Shift-Dir - straight line, f/p - scorpion
Aim: a scorpion (almost dead, 100% to hit)
The magic dart hits the scorpion but does no damage.
The scorpion is almost dead.
The scorpion closely misses you.
Casting: Magic Dart (safe; 1% risk of failure)
Confirm with . or Enter, or press ? or * to list all spells.
Aiming: Magic Dart (safe; 1% risk of failure)
Press: ? - help, Shift-Dir - straight line, f/p - scorpion
Aim: a scorpion (almost dead, 100% to hit)
The magic dart hits the scorpion but does no damage.
The scorpion is almost dead.
The scorpion stings you.
* * * LOW HITPOINT WARNING * * *
Unknown command.
Casting: Magic Dart (safe; 1% risk of failure)
Confirm with . or Enter, or press ? or * to list all spells.
Aiming: Magic Dart (safe; 1% risk of failure)
Press: ? - help, Shift-Dir - straight line, f/p - scorpion
Aim: a scorpion (almost dead, 100% to hit)
The magic dart hits the scorpion but does no damage.
The scorpion is almost dead.
The scorpion misses you.
Casting: Magic Dart (safe; 1% risk of failure)
Confirm with . or Enter, or press ? or * to list all spells.
Aiming: Magic Dart (safe; 1% risk of failure)
Press: ? - help, Shift-Dir - straight line, f/p - scorpion
Aim: a scorpion (almost dead, 100% to hit)
The magic dart hits the scorpion but does no damage.
The scorpion is almost dead.
The scorpion stings you!
You die...

.......###...........#
.......#............##
.......#.#####.######
.......#.#
#.#############
########.#
#.#.#.#.†.#.#.#
##.#####.##.#..#..#.##
#......#.#.#..###s.#.#
#......[.##..## ##†§##
#........#@s## ##..#
#......#...##..$.†...#
#......+.#..##...##..#
#......#.##..##. ..##
#.....)..# #..# .#.
#######......### #..#
.# # .............#
#...# ..........####
#### .........)#


You could see a scorpion.

Vanquished Creatures
  A water moccasin (D:5)
  2 black bears
  2 ogres
  A centaur (D:5)
  3 phantoms (D:5)
  A bullfrog (D:5)
  2 necrophages
  A scorpion (D:5)
  A howler monkey (D:5)
  A hound (D:4)
  3 iguanas (D:5)
  6 adders
  An ufetubus (D:5)
  4 orcs
  8 ball pythons
  7 bats
  9 endoplasms
  A giant cockroach (D:4)
  6 goblins
  11 hobgoblins
  3 jackals (D:5)
  6 kobolds
  2 frilled lizards (D:1)
  A rat (D:1)
83 creatures vanquished.

Vanquished Creatures (others)
  15 foxfires (D:5)
15 creatures vanquished.

Grand Total: 98 creatures vanquished

Notes
Turn   | Place    | Note
-------+----------+-------------------------------------------
     0 | D:1      | Linkola the Deep Elf Conjurer began the quest for the Orb.
     0 | D:1      | Reached XP level 1. HP: 10/10 MP: 6/6
   227 | D:1      | Reached XP level 2. HP: 15/15 MP: 5/8
   230 | D:1      | Learned a level 2 spell: Searing Ray
   439 | D:1      | Found Plog's One-of-a-Kind Rings.
   447 | D:1      | Reached skill level 5 in Conjurations
   747 | D:1      | Found a faded altar of an unknown god.
  1097 | D:1      | Reached XP level 3. HP: 19/19 MP: 7/9
  1814 | D:2      | Reached XP level 4. HP: 24/24 MP: 8/11
  1819 | D:2      | Learned a level 4 spell: Iskenderun's Mystic Blast
  3034 | D:4      | Reached skill level 1 in Throwing
  3089 | D:4      | Noticed a necrophage
  3096 | D:4      | Killed a necrophage
  3097 | D:4      | Reached XP level 5. HP: 23/28 MP: 8/13
  3158 | D:4      | Noticed an ogre
  3162 | D:4      | Killed an ogre
  3163 | D:4      | Reached skill level 5 in Spellcasting
  3343 | D:4      | Reached XP level 6. HP: 32/32 MP: 12/15
  3654 | D:5      | Entered Level 5 of the Dungeon
  3728 | D:5      | Reached skill level 1 in Evocations
  3841 | D:5      | Reached XP level 7. HP: 36/36 MP: 12/18
  4093 | D:5      | Found a staircase to the Ecumenical Temple.
  4109 | D:5      | Got Laosengu's Octavo of the Searing Dead
  4112 | D:5      | Learned a level 1 spell: Foxfire
  4115 | Temple   | Entered the Ecumenical Temple
  4350 | D:5      | Reached skill level 1 in Fire Magic
  4454 | D:5      | Reached XP level 8. HP: 29/41 MP: 12/20
  4603 | D:5      | Slain by a scorpion

Illustrated notes

Levels and vault maps discovered:
D:1:      dpeg_arrival_round_b, layout_loops_corners,
          shapermc_ecumenical_altar_mp_ritualfount, nicolae_shop_unique_rings
D:2:      layout_basic
D:3:      layout_loops_ring
D:4:      minmay_door_path, layout_cave_pools
D:5:      minmay_diamond_boxcup, layout_basic,
          nicolae_wu_jian_immortal_techniques, minmay_temple_entry_offerings,
          lightli_church_of_beogh
Temple:   eino_wide_crystal_templ

Skill      XL: |  1  2  3  4  5  6  7  8 |
---------------+-------------------------+-----
Conjurations   | 5 6 7 |  7.4
Throwing       | 1 2 3 4 |  4.0
Stealth        | 3 4 |  4.3
Spellcasting   | 4 5 6 7 |  7.7
Evocations     | 1 2 |  2.1
Fire Magic     | 2 |  2.6
Dodging        | 3 |  3.0

Action                   |  1- 3 |  4- 6 |  7- 9 || total
-------------------------+-------+-------+-------++-------
Melee: Short sword       |     2 |       |       ||     2
Throw: Javelin           |     3 |    22 |     2 ||    27
 Cast: Magic Dart        |    68 |    41 |    23 ||   132
       Searing Ray       |       |     6 |     9 ||    15
       Foxfire           |       |       |     8 ||     8
  Use: Scroll            |     2 |     3 |     2 ||     7
Armor: Robe              |     1 |     4 |     7 ||    12
Dodge: Dodged            |     3 |     6 |    24 ||    33
